← All builds
Suicide front / Armada / Factory first / OBSERVED BUILD

Standard suicide front

Armada Suicide front build order · Supreme Isthmus

The role's baseline: Bot Lab at 0:21 then straight into reclaim-fed T1 bot production to contest the middle and hold until T2 arrives, with an Advanced Metal Extractor around 9:45.

#rush · 2088 distinct matches · 238 players · 72% of Armada Suicide front games · team won 59% of 2466 · Recently observed

HOW TO PLAY IT

Key timing: Bot Lab by 0:20

  1. Open with mex and lab-first to get Bot Lab up by 0:20.
  2. Expand mex and wind while lab pumps units toward middle.
  3. Push Sentry and early Rocketeer, Centurion to contest middle.
  4. Get T2 constructor out once Pond's boost lets you spare metal.
  5. Upgrade mex to Advanced Metal Extractor as you transition off T1 spam.

Phase by phase

TYPICAL OF ITS 2088 GAMES
  1. 1
  2. 2
  3. 3
PLAY THE OPENING

Follow the example game's first 6:00 step by step: what to build now, what comes next, and where it goes. At 1× it keeps pace with your own game.

  1. 1

    Bot Lab first

    Order
    1. Bot LabBot Lab done ~0:26, middle half 0:20–0:33

    Some games also: mex (45%)

  2. 2

    Bot Lab to 5:00

    Economy
    • Metal Extractor5Mex
    • Wind Turbine4Wind
    Builders
    • Construction Bot3 Con bot
    • Lazarus2 Lazarus
    Army
    • Sentry4 Sentry
    • Rocketeer16 Rocketeer
    • Tick2 Tick
    • Centurion1 Centurion
    Other
    • Radar Tower1 Radar Tower

    Some games also: pawn (38%) · con turret (34%)

    By 5:00 in all: 5 mex · 4 wind

    The example game in this phase · 39 steps
    1. LazarusLazarus
    2. Wind
    3. CenturionCenturion
    4. Wind ×2
    5. Construction BotCon bot
    6. RocketeerRocketeer ×2
    7. Mex
    8. RocketeerRocketeer
    9. SentrySentry
    10. RocketeerRocketeer ×2
    11. Radar TowerRadar Tower
    12. Construction BotCon bot
    13. SentrySentry
    14. CenturionCenturion
    15. Mex
    16. SentrySentry
    17. RocketeerRocketeer ×3
    18. Mex
    19. RocketeerRocketeer
    20. SentrySentry
    21. RocketeerRocketeer ×2
    22. Mex
    23. Construction BotCon bot
    24. Dragon's TeethDragon's Teeth ×4
    25. RocketeerRocketeer
    26. Dragon's TeethDragon's Teeth
    27. Wind
    28. RocketeerRocketeer
    29. Con turret
    30. RocketeerRocketeer
    31. LazarusLazarus
    32. Wind
    33. LazarusLazarus
    34. Con turret
    35. Wind ×2
    36. LazarusLazarus
    37. Wind
    38. RocketeerRocketeer
    39. Wind ×2
  3. 3

    5:00 to 10:00

    Economy
    • Metal Extractor1Mex
    • Wind Turbine15Wind
    Builders
    • Construction Turret2 Con turret
    • Lazarus2 Lazarus
    • Construction Bot1 Con bot
    Army
    • Sentry1 Sentry
    • Rocketeer8 Rocketeer

    Some games also: pawn (48%) · Radar Tower (46%) · tick (44%) · centurion (44%) · energy storage (42%) · eat Bot Lab (31%)

    By 10:00 in all: 6 mex · 21 wind · 1 energy storage · 2 con turret

    The example game in this phase · 33 steps
    1. RocketeerRocketeer
    2. Wind ×2
    3. RocketeerRocketeer
    4. Con turret
    5. Wind ×2
    6. CenturionCenturion
    7. Energy storage
    8. Solar
    9. LazarusLazarus
    10. Wind
    11. LazarusLazarus
    12. Converter ×2
    13. Energy storage
    14. Converter ×2
    15. RocketeerRocketeer ×2
    16. Radar TowerRadar Tower
    17. RocketeerRocketeer ×3
    18. Mex
    19. RocketeerRocketeer ×2
    20. AnemoneAnemone
    21. RocketeerRocketeer ×2
    22. Wind
    23. RocketeerRocketeer
    24. Radar TowerRadar Tower
    25. Wind ×2
    26. Mex
    27. RocketeerRocketeer ×2
    28. Radar TowerRadar Tower
    29. Mex ×2for Front
    30. Bot LabBot Labdone 10:45
    31. Construction BotCon bot
    32. PawnPawn ×11
    33. Bot LabEat Bot Labreclaimed for its metal

Counts are medians over the build's games: half of them build more, half fewer. The example game is CrdFusCncrPOI_Yudchi's (35 OS, 11/09/2026); pick another.

Team trades

IN AT LEAST 30% OF ITS GAMES

You hand over

Nothing regular.

You get

  • Tidal Generator4 Tidal from Pondfirst at 0:11 · in 68% of games
  • Advanced Construction Bot1 T2 con bot from Geo or Techfirst at 7:42 · in 57% of games

How it plays out

Typical game of this build, running totals by minute

Metal produced

010k20k
0:005:0010:0015:00

metal

Enemy metal destroyed

05k10k
0:005:0010:0015:00

metal

Own metal lost

05k10k
0:005:0010:0015:00

metal

2466 games.

Show as table
ByMetal produced: This buildEnemy metal destroyed: This buildOwn metal lost: This build
1:0023000
2:0088700
3:002007187130
4:003110642502
5:0041861347996
6:00535021831698
7:00654530562580
8:00775739403488
9:00903547064362
10:001039753225142
11:001186458605952
12:001356164256647
13:001538668767428
14:001728875048206
15:001925281068974
WHAT THE NUMBERS SAY

Standard Suicide front play wins a bit over half its games while taking the heaviest own losses of any role by 15:00.

  • + Produces 20142 metal by 15:00, highest of the front roles.
  • + First kill by 2:01 in all games, fastest contest of middle.
  • − Own metal lost hits 9178 by 15:00, more than enemy metal destroyed.
  • − Only 34% Rocketeer share shows army spread thin across many bot types.
THE EXAMPLE YOU ARE READING

CrdFusCncrPOI_Yudchi

34.7 OS · 11/09/2026

Open source match ↗

7 received units · includes a constructor
65 metal received · 11812 energy received

Allied construction assistance is unknown. Timings are observations, not a promise of solo reproducibility.

Typical milestones

Bot Lab0:26Middle 50%: 0:20–0:33 · n=2458
Advanced Metal Extractor9:47Middle 50%: 8:50–10:59 · n=1782

Played most by

_X_265games of this buildPlatinumBlonde188games of this buildXad165games of this buildTrapCaT111games of this buildImmort80games of this build